 Dungeon Crawl Stone Soup version 0.17-a0-77-gee7a2f2 (webtiles) character file.

770 Pikaro the Purveyor of Pain (level 7, -1/48 (50) HPs)
             Began as a Ghoul Necromancer on Mar 14, 2015.
             Was an Initiate of Kikubaaqudgha.
             Slain by a gnoll
             ... wielding a +0 flail
              (16 damage)
             ... on level 5 of the Dungeon.
             The game lasted 00:20:54 (5457 turns).

Pikaro the Purveyor of Pain (Ghoul Necromancer)     Turns: 5457, Time: 00:20:55

HP:   -1/48 (50)    AC:  6    Str: 12    XL:     7   Next: 82%
MP:   8/8           EV: 12    Int: 12    God:    Kikubaaqudgha [......]
Gold: 178           SH:  0    Dex:  9    Spells: 4 memorised, 0 levels left

rFire  . . .     SeeInvis .     (no weapon)
rCold  + . .     Clarity  .     e - +2 robe {rN+}
rNeg   + + +     SustAb   .     (no shield)
rPois  ∞         Gourm    .     (no helmet)
rElec  .         Spirit   .     (no cloak)
rCorr  .         Warding  .     s - +1 pair of gloves
rMut   .         Stasis   .     (no boots)
MR     .....                    (no amulet)
Stlth  ++........               (no ring)
                                (no ring)

@: rotting, not resistant to hostile enchantments, unstealthy
A: rotting body, claws 1, carnivore 3, cold resistance 1, negative energy
resistance 3, poison resistance, slow healing 1, torment resistance, unbreathing
a: Renounce Religion


You were on level 5 of the Dungeon.
You worshipped Kikubaaqudgha.
Kikubaaqudgha was noncommittal.
You were very hungry.

You visited 2 branches of the dungeon, and saw 6 of its levels.

You collected 178 gold pieces.

Inventory:

Hand weapons
 p - a +1 blowgun
   (You took it off a kobold on level 3 of the Dungeon)
Missiles
 q - 13 poisoned needles
Armour
 e - a +2 robe of positive energy (worn)
   (You took it off Pikel on level 4 of the Dungeon)
 s - a +1 pair of gloves (worn)
   (You found it on level 3 of the Dungeon)
Magical devices
 a - a wand of frost (34)
   (You found it on level 2 of the Dungeon)
 g - a wand of slowing (22)
   (You took it off a goblin on level 3 of the Dungeon)
 l - a wand of slowing (35)
   (You found it on level 4 of the Dungeon)
 m - a wand of paralysis (21)
   (You found it on level 4 of the Dungeon)
Scrolls
 c - a scroll of amnesia
 i - a scroll of blinking {unknown}
 j - a scroll of identify
 k - 2 scrolls of remove curse
 n - a scroll of enchant weapon
 o - a scroll of recharging
 u - a scroll of fog {unknown}
Potions
 d - a potion of lignification
 r - a potion of restore abilities {unknown}
 t - a potion of berserk rage {unknown}
Books
 b - a book of Necromancy
Comestibles
 f - a beef jerky
 h - 3 meat rations


   Skills:
 - Level 1.7 Dodging
 - Level 2.1 Stealth
 - Level 1.7 Spellcasting
 + Level 9.4 Necromancy


You couldn't memorise any spells.
You knew the following spells:

 Your Spells              Type           Power        Failure   Level  Hunger
a - Pain                  Necr           ###.         1%          1    ##.....
A - Animate Skeleton      Necr           N/A          1%          1    ##.....
B - Vampiric Draining     Necr           ###.......   1%          3    ####...
C - Animate Dead          Necr           N/A          8%          4    #####..


Dungeon Overview and Level Annotations

Branches:
Dungeon (5/15)             Temple (1/1) D:4

Altars:
Ashenzari
Cheibriados
Fedhas
Gozag
Kikubaaqudgha
Nemelex Xobeh
Okawaru
Qazlal
Trog
Vehumet
Xom
Yredelemnul
Zin
The Shining One


Innate Abilities, Weirdness & Mutations

Your body is rotting away.
You thrive on raw meat.
You have sharp fingernails.
You are carnivorous and can eat meat at any time.
Your flesh is cold resistant.
You are immune to negative energy.
Your system is resistant to poisons.
You heal slowly when monsters are visible.
You are immune to unholy pain and torment.
You can survive without breathing.


Message History

You see here 21 stones.
You can't see any susceptible monsters within range! (Use Z to cast anyway.)
The crimson imp shouts!
You can't see any susceptible monsters within range! (Use Z to cast anyway.)
The crimson imp hits you but does no damage.
You closely miss the crimson imp. The crimson imp closely misses you.
You completely miss the crimson imp.
The crimson imp hits you but does no damage.
You closely miss the crimson imp. You barely miss the crimson imp.
The crimson imp misses you.
You hit the crimson imp but do no damage.
The crimson imp misses you.
You miss the crimson imp. The crimson imp barely misses you.
You hit the crimson imp but do no damage.
The crimson imp barely misses you.
You hit the crimson imp.
The crimson imp hits you but does no damage.
You miss the crimson imp.
The crimson imp hits you with a trident!
You take 8 damage, and have 40/48 hp.
You closely miss the crimson imp.
You hit the crimson imp but do no damage.
The crimson imp closely misses you.
You hit the crimson imp but do no damage.
The crimson imp barely misses you.
You barely miss the crimson imp. The crimson imp barely misses you.
You hit the crimson imp but do no damage.
The crimson imp hits you with a trident!
You take 8 damage, and have 32/48 hp.
You miss the crimson imp.
The crimson imp hits you but does no damage.
You barely miss the crimson imp.
The crimson imp sputters.
The crimson imp hits you with a trident.
You take 1 damage, and have 31/48 hp.
You hit the crimson imp but do no damage.
The crimson imp hits you but does no damage.
You hit the crimson imp.
You are feeling very hungry.
You barely miss the crimson imp. The crimson imp closely misses you.
You closely miss the crimson imp.
The crimson imp hits you with a trident.
You take 3 damage, and have 28/48 hp.
You barely miss the crimson imp.
The crimson imp hits you with a trident.
You take 3 damage, and have 25/48 hp.
You hit the crimson imp.
The crimson imp hits you with a trident.
You take 4 damage, and have 21/48 hp.
You miss the crimson imp. The crimson imp barely misses you.
You barely miss the crimson imp.
The crimson imp hits you with a trident!
* * * LOW HITPOINT WARNING * * *
You take 8 damage, and have 13/48 hp.
You miss the crimson imp.
Drink which item? (? for menu, Esc to quit)
Okay, then.
The crimson imp blinks!
The crimson imp puffs mist at you.
The crimson imp blinks!
A goblin and a gnoll come into view.
The goblin shouts!
The gnoll shouts! 2 gnolls come into view.
Warning x3: The gnoll can hit for moderate damage in melee, and throws nets!
The gnoll (wandering) can hit for moderate damage in melee, and throws nets! x2
A gnoll comes into view. It is wielding a flail.
Danger x4: gnoll, gnoll (wandering) x3!
Danger x4: gnoll, gnoll (wandering) x3!
The gnoll shouts!
The gnoll closely misses you.
Danger x4: gnoll x2, gnoll (wandering) x2! 2 orcs and an orc wizard come into view.
The gnoll shouts!
The orc shouts!
The gnoll shouts!
The orc shouts!
You hear a shout!
The orc wizard shouts!
The orc wizard gestures at you while chanting.
You are confused.
The goblin barely misses you. The gnoll closely misses you.
The crimson imp blinks!
An orc wizard comes into view. It is wielding a dagger.
Danger x6: gnoll x4, orc wizard x2!
The gnoll closely misses you.
You closely miss the goblin.
The gnoll hits you from afar with a spear.
The orc hits you but does no damage. The gnoll closely misses you.
The goblin hits you.
You take 2 damage, and have 15/48 hp.
Danger x6: gnoll x4, orc wizard x2!
The orc barely misses you.
Danger x6: orc wizard x2, gnoll x4!
The orc wizard points at you and mumbles some strange words.
The puff of frost hits you!
Danger x5: gnoll x3, orc wizard x2!
You're too confused to move!
The gnoll closely misses you.
The orc wizard mumbles some strange words.
The orc wizard seems to speed up.
You bump into the rock wall.
You feel less confused. The gnoll hits you with a flail!
You die...
Kikubaaqudgha rasps: "You have failed me!
Welcome... oblivion!"

.. #.# .. #. #+#
#.#####....
..........
#..o.o....
#@go.......
#######og.......
#.....gg...#'###
#.......####.#
#........# .#
#........###.####
#........5#.....
#.......#.#..#
.......#....#


You could see 2 orc wizards, 3 gnolls, a crimson imp and 2 orcs.

Vanquished Creatures
  Pikel (D:4)
  A centaur skeleton (D:4)
  A centaur zombie (D:5)
  A jelly (D:5)
  An orc wizard (D:3)
  An iguana (D:4)
  6 adders
  A gnoll (D:3)
  A worm (D:2)
  2 giant geckos (D:1)
  An ooze (D:2)
  6 orcs
  17 bats
  A bat skeleton (D:4)
  4 giant cockroaches
  12 goblins
  13 hobgoblins
  5 kobolds
  A ball python (D:2)
  A giant cockroach zombie (D:5)
  2 giant newts
  10 jackals
  4 quokkas
  9 rats
102 creatures vanquished.

Vanquished Creatures (others)
  A giant gecko (D:4)
  An ooze (D:4)
  An orc (D:4)
  A giant cockroach (D:4)
  3 hobgoblins (D:4)
  2 jackal zombies (D:5)
9 creatures vanquished.

Grand Total: 111 creatures vanquished

Notes
Turn   | Place    | Note
--------------------------------------------------------------
     0 | D:1      | Pikaro, the Ghoul Necromancer, began the quest for the Orb.
     0 | D:1      | Reached XP level 1. HP: 14/14 MP: 2/2
    62 | D:1      | Reached XP level 2. HP: 15/20 MP: 1/3
   725 | D:1      | Reached XP level 3. HP: 26/26 MP: 0/5
   904 | D:1      | Reached skill level 5 in Necromancy
  2126 | D:2      | You fall through a shaft!
  2131 | D:3      | Reached XP level 4. HP: 33/33 MP: 3/5
  2328 | D:3      | Reached skill level 6 in Necromancy
  2722 | D:3      | Reached XP level 5. HP: 24/38 MP: 1/6
  3048 | D:3      | Found a snail-covered altar of Cheibriados.
  3198 | D:4      | Found an opulent altar of Gozag.
  3346 | D:4      | Learned a level 1 spell: Animate Skeleton
  3350 | D:4      | Learned a level 3 spell: Vampiric Draining
  3482 | D:4      | Found a staircase to the Ecumenical Temple.
  3491 | Temple   | Entered the Ecumenical Temple
  3612 | Temple   | Became a worshipper of Kikubaaqudgha
  3938 | D:4      | Reached skill level 7 in Necromancy
  3978 | D:4      | Reached XP level 6. HP: 40/43 MP: 2/8
  4129 | D:4      | Noticed a slave
  4132 | D:4      | Noticed Pikel
  4134 | D:4      | Noticed a slave
  4140 | D:4      | Noticed a slave
  4140 | D:4      | HP: 6/43 [Pikel/whip of electrocution (16)]
  4170 | D:4      | Killed Pikel
  4170 | D:4      | Reached skill level 9 in Necromancy
  4170 | D:4      | Reached XP level 7. HP: 29/48 MP: 8/8
  4396 | D:4      | Learned a level 4 spell: Animate Dead
  4695 | D:4      | Noticed a freed slave
  4760 | D:5      | Entered Level 5 of the Dungeon
  4775 | D:5      | Found a shimmering altar of Xom.
  5057 | D:5      | Got a pitted spear
  5058 | D:5      | Identified the +6 spear "Kurchin" {antimagic, -Tele Str+2 SInv Stlth+} (You found it on level 5 of the Dungeon)
  5457 | D:5      | Slain by a gnoll

Action                   |  1- 3 |  4- 6 |  7- 9 || total
-------------------------+-------+-------+-------++-------
Melee: Unarmed           |    57 |    94 |    66 ||   217
 Cast: Pain              |    72 |    78 |    25 ||   175
       Animate Dead      |       |       |     1 ||     1
  Use: Scroll            |       |    11 |       ||    11
       Potion            |       |     4 |       ||     4
 Stab: Distracted        |       |     1 |       ||     1
  Eat: Chunk             |    21 |    36 |     3 ||    60

Vault maps used:
D:1:      dpeg_arrival_tiny_i
D:3:      first_bread, grunt_ministairs_8, cheibriados_altar_wand_db
D:4:      nicolae_gozag_seed_capital, minmay_temple_entry_poolview,
          amethyst_killhole, uniq_pikel
D:5:      led_xom_imps, kennysheep_generic_room_6
Temple:   minmay_crystal_spiral_temple_12

Table legend:
 A = Turns spent in this place as a percentage of turns spent in the entire game.
 B = Non-inter-level travel turns spent in this place as a percentage of non-inter-level travel turns spent in the entire game.
 C = Inter-level travel turns spent in this place as a percentage of turns spent in this place.
 D = Turns resting spent in this place as a percentage of non-inter-level travel turns spent in this place.
 E = Turns spent auto-exploring this place as a percentage of non-inter-level travel turns spent in this place.
 F = Non-inter-level travel turns spent in this place divided by the number of levels of this place that you've seen.
                   A       B       C       D       E      F
               +-------+-------+-------+-------+-------+----------------------
         Total | 100.0 | 100.0 |   0.5 |  11.0 |   8.8 | 220.2
       Dungeon |  95.9 |  95.9 |   0.4 |  11.4 |   8.1 | 253.4
        Temple |   4.1 |   4.1 |   1.8 |   0.0 |  25.9 |  54.0
               +-------+-------+-------+-------+-------+----------------------

Table legend:
 A = Kills in this place as a percentage of kills in entire the game.
 B = Kills by you in this place as a percentage of kills by you in the entire game.
 C = Kills by friends in this place as a percentage of kills by friends in the entire game.
 D = Other kills in this place as a percentage of other kills in the entire game.
 E = Experience gained in this place as a percentage of experience gained in the entire game.
 F = Experience gained in this place divided by the number of levels of this place that you have seen.
                   A       B       C       D       E      F
               +-------+-------+-------+-------+-------+----------------------
         Total | 100.0 | 100.0 |  -nan |  -nan | 100.0 | 183.3
       Dungeon | 100.0 | 100.0 |  -nan |  -nan | 100.0 | 220.0
               +-------+-------+-------+-------+-------+----------------------
